 Dungeon Crawl Stone Soup version 0.26-b1-32-g5d43845318 (webtiles) character file.

Game seed: 9725462096791674046

51 Arthanis the Firebug (level 3, -2/19 HPs)
             Began as a Deep Elf Fire Elementalist on Jan 11, 2021.
             Slain by an ogre
             ... wielding a +0 giant club
              (21 damage)
             ... on level 2 of the Dungeon.
             The game lasted 00:01:53 (1498 turns).

Arthanis the Firebug (Deep Elf Fire Elementalist)   Turns: 1498, Time: 00:01:53

Health: -2/19      AC:  3    Str:  5    XL:     3   Next: 57%
Magic:  4/10       EV: 13    Int: 20    God:
Gold:   81         SH:  0    Dex: 15    Spells: 5/9 levels left

rFire    . . .     SeeInvis .   d - +0 short sword
rCold    . . .     Faith    .   (no shield)
rNeg     . . .     Spirit   .   a - +0 robe
rPois    .         Reflect  .   (no helmet)
rElec    .         Harm     .   (no cloak)
rCorr    .         Rampage  .   c - +0 pair of gloves
Will     .....                  (no boots)
Stlth    ++........             (no amulet)
HPRegen  0.06/turn              (no ring)
MPRegen  0.12/turn              (no ring)

@: no status effects
A: no striking features
a: no special abilities


You were on level 2 of the Dungeon.
You visited 1 branch of the dungeon, and saw 2 of its levels.

You collected 81 gold pieces.

Inventory:

Hand Weapons
 d - a +0 short sword (weapon)
Armour
 a - a +0 robe (worn)
 c - a +0 pair of gloves (worn)
Scrolls
 b - a scroll of remove curse {unknown}
 f - a scroll of fear {unknown}
 g - a scroll of immolation {unknown}
 j - 3 scrolls of teleportation {unknown}
 k - a scroll of magic mapping {unknown}
 l - a scroll of amnesia {unknown}
Potions
 e - a potion of invisibility {unknown}
 h - a potion of mutation {unknown}
 i - a potion of haste {unknown}


   Skills:
 - Level 2.4 Dodging
 - Level 2.4 Stealth
 + Level 3.7 Spellcasting
 + Level 2.0 Conjurations
 * Level 4.3 Fire Magic


You had 5 spell levels left.
You knew the following spells:

 Your Spells              Type           Power        Failure   Level
a - Foxfire               Conj/Fire      64%          3%          1
b - Conjure Flame         Conj/Fire      16%          11%         3

Your spell library contained the following spells:

 Spells                   Type           Power        Failure   Level
 Inner Flame              Hex/Fire       12%          16%         3
 Sticky Flame             Conj/Fire      16%          34%         4
 Fireball                 Conj/Fire      8%           69%         5


Dungeon Overview and Level Annotations

Branches:
Dungeon (2/15)

Altars:


Message History

You conjure some foxfire!
The foxfire hits the ogre.
The ogre is heavily wounded.
The foxfire hits the ogre.
The ogre is severely wounded.
Your foxfire dissipates!
The foxfire hits the ogre.
The ogre is severely wounded.
Casting: Foxfire (safe; 3% risk of failure)
Confirm with . or Enter, or press ? or * to list all spells.
You conjure some foxfire!
The foxfire hits the ogre.
The ogre is severely wounded.
The foxfire hits the ogre.
The ogre is severely wounded.
Casting: Foxfire (safe; 3% risk of failure)
Confirm with . or Enter, or press ? or * to list all spells.
You conjure some foxfire!
The ogre hits you with a +0 giant club!!
Ouch! That really hurt!
You die...

#......†#.# .####..##......
#####....†# .# #.###.....(
#....## .# #.# #...... #.)(.#
#.# ##.# ####### #....# ..#
#..# #....##.# ##.##
####....###..# ##
##vO.....###### ###. ########
##@###.......###...
#<.....#####v###.#####.....##
######..................#...#
######†###..######...#..
#.#...## #...... #...###
#...... #..## ####### #..# #
#.## #


You could see an ogre.

Vanquished Creatures
  An adder (D:2)
  2 leopard geckos
  A bat (D:1)
  2 giant cockroaches (D:2)
  3 goblins
  8 hobgoblins
  9 jackals
  2 kobolds (D:1)
  2 frilled lizards
  4 rats
34 creatures vanquished.

Vanquished Creatures (others)
  126 foxfires
126 creatures vanquished.

Grand Total: 160 creatures vanquished

Notes
Turn   | Place    | Note
-------+----------+-------------------------------------------
     0 | D:1      | Arthanis the Deep Elf Fire Elementalist began the quest for
                  | the Orb.
     0 | D:1      | Reached XP level 1. HP: 10/10 MP: 6/6
   146 | D:1      | Reached XP level 2. HP: 15/15 MP: 0/8
   967 | D:2      | Reached skill level 4 in Fire Magic
  1104 | D:2      | Reached XP level 3. HP: 19/19 MP: 3/10
  1108 | D:2      | Learned a level 3 spell: Conjure Flame
  1204 | D:2      | Noticed an ogre
  1498 | D:2      | Slain by an ogre

Illustrated notes

Levels and vault maps discovered:
D:1:      minmay_arrival_open_corners, layout_basic, serial_glass,
          glass_columns_b, glass_columns_a, st_stairs_9
D:2:      layout_rooms

Skill      XL: |  1  2  3 |
---------------+----------+-----
Fire Magic     | 4 |  4.3
Conjurations   | 2 |  2.0
Dodging        | |  2.4
Stealth        | |  2.4
Spellcasting   | |  3.7

Action                   || total
-------------------------++-------
Melee: Short sword       ||     2
 Cast: Foxfire           ||    82
Armor: Robe              ||     3
Dodge: Dodged            ||     4
